 Dungeon Crawl Stone Soup version bcrawl-1.40.3b (webtiles) character file.

Game seed: 6586200132871374021

125210 Galewind the Conjurer (level 4, 0/24 HPs)
             Began as an Avariel Conjurer on Mar 2, 2024.
             Slain by a worker ant (6 damage)
             ... on level 3 of the Dungeon.
             The game lasted 00:02:42 (2293 turns).

Galewind the Conjurer (Avariel Conjurer)            Turns: 2293, Time: 00:02:43

Health: 0/24       AC:  2    Str:  6    XL:     4   Next: 83%
Magic:  1/11       EV: 12    Int: 22    God:
Gold:   348        SH:  0    Dex: 13    Spells: 4/10 levels left

rFire    . . .     GDR:     25%   - Fists (2.6)
rCold    . . .     SeeInvis .   (no shield)
rNeg     . . .     Gourm    .   a - +0 robe
rPois    .         Faith    .   (no helmet)
rElec    .         Spirit   .   (no cloak)
rCorr    .         Reflect  .   (no gloves)
MR       .....                  (no boots)
Stlth    ++........             (no amulet)
HPRegen  0.14/turn              (no ring)
MPRegen  0.12/turn              (no ring)

@: lethally poisoned (0 -> -4)
A: no striking features
a: no special abilities


You were on level 3 of the Dungeon.
You were not hungry.

You visited 1 branch of the dungeon, and saw 3 of its levels.

You collected 348 gold pieces.

Inventory:

Armour
 a - a +0 robe (worn)
 d - a +0 pair of gloves
Jewellery
 b - an uncursed ring of flight {unknown}
Scrolls
 g - 4 scrolls of amnesia {unknown}
 i - 5 scrolls of identify
 j - a scroll of enchant armour {unknown}
 n - a scroll of fog {unknown}
 o - a scroll of revelation {unknown}
Potions
 c - a potion of magic
 f - a potion of heal wounds {unknown}
 h - a potion of curing
 k - a potion of agility {unknown}
 l - 2 potions of degeneration {unknown}
 m - a potion of brilliance {unknown}
Comestibles
 e - 5 rations {!d}
 p - a chunk of flesh


   Skills:
 + Level 2.4 Dodging
 - Level 2.1 Stealth
 + Level 3.6 Spellcasting
 + Level 7.3 Conjurations


You had 4 spell levels left.
You knew the following spells:

 Your Spells              Type           Power        Failure   Level  Hunger
a - Magic Dart            Conj           ####         1%          1    None
b - Searing Ray           Conj           #####...     1%          2    None
c - Iskenderun's Mystic   Conj           #####...     1%          3    ####...

Your spell library contained the following spells:

 Spells                   Type           Power        Failure   Level  Hunger
 Fulminant Prism          Conj/Hex       ###.......   26%         4    #####..
 Irradiate                Conj/Tmut      ###.......   58%         5    ######.


Dungeon Overview and Level Annotations

Branches:
Dungeon (3/12)

Altars:
Xom

Annotations:
D:2 1 runed door


Message History

You feel sick. The worker ant bites you.
Casting: Magic Dart (safe; 1% risk of failure)
Confirm with . or Enter, or press ? or * to list all spells.
Aiming: Magic Dart (safe; 1% risk of failure)
Press: ? - help, Shift-Dir - straight line, f/p - worker ant
Aim: a worker ant (severely wounded)
The magic dart hits the worker ant.
The worker ant is severely wounded.
You feel sick. The worker ant bites you.
Unknown command.
You feel sick.
Casting: Magic Dart (safe; 1% risk of failure)
Confirm with . or Enter, or press ? or * to list all spells.
Aiming: Magic Dart (safe; 1% risk of failure)
Press: ? - help, Shift-Dir - straight line, f/p - worker ant
Aim: a worker ant (severely wounded)
The magic dart hits the worker ant.
The worker ant is almost dead.
You feel sick. The worker ant bites you.
You die...

#.#.# .
#...##........
.
##.###........
$ #.#
#........ .
#.# #........
#.# #........
#.# #........
#.###........
#..@a...)....
#######.....#
..... .... ...
.. #


You could see a worker ant.

Vanquished Creatures
  Terence (D:2)
  An adder (D:2)
  3 worms
  A leopard gecko (D:1)
  An orc (D:2)
  2 giant cockroaches (D:2)
  6 goblins
  10 hobgoblins
  6 jackals (D:3)
  9 kobolds
  A ball python (D:1)
  5 bats
  3 frilled lizards
  5 rats
54 creatures vanquished.

Notes
Turn   | Place    | Note
-------+----------+-------------------------------------------
     0 | D:1      | Galewind the Avariel Conjurer began the quest for the Orb.
     0 | D:1      | Reached XP level 1. HP: 10/10 MP: 6/6
   186 | D:1      | Reached XP level 2. HP: 15/15 MP: 4/7
   228 | D:1      | Learned a level 2 spell: Searing Ray
   393 | D:1      | Reached skill level 6 in Conjurations
   586 | D:1      | Found a shimmering altar of Xom.
   842 | D:1      | Reached XP level 3. HP: 19/19 MP: 3/9
   846 | D:1      | Learned a level 3 spell: Iskenderun's Mystic Blast
  1420 | D:2      | Reached XP level 4. HP: 24/24 MP: 6/10
  1638 | D:2      | Found a runed door.
  1871 | D:3      | Noticed Terence
  1898 | D:2      | Killed Terence
  1899 | D:2      | Reached skill level 7 in Conjurations
  2293 | D:3      | Slain by a worker ant

Skill      XL: |  1  2  3  4 |
---------------+-------------+-----
Conjurations   | 6 7 |  7.3
Spellcasting   | 3 |  3.6
Dodging        | |  2.4
Stealth        | |  2.1

Action                   |  1- 3 |  4- 6 || total
-------------------------+-------+-------++-------
Melee: Unarmed           |     2 |       ||     2
 Cast: Magic Dart        |    66 |    42 ||   108
       Searing Ray       |       |     2 ||     2
  Eat: Chunk             |     2 |     4 ||     6
Armor: Robe              |     2 |     2 ||     4
Dodge: Dodged            |     9 |     7 ||    16
